 Dungeon Crawl Stone Soup version 0.28-a0-1038-g9c4cb8273d (webtiles) character file.

Game seed: 2698851670134234050

0 spiderkeys the Ducker (level 1, -3/10 HPs)
             Began as a Felid Abyssal Knight on Dec 8, 2021.
             Was a Follower of Lugonu.
             Slain by a thrashing horror (4 damage)
             ... on level 3 of the Abyss.
             The game lasted 00:00:42 (148 turns).

spiderkeys the Ducker (Felid Abyssal Knight)         Turns: 148, Time: 00:00:42

Health: -3/10      AC:  1    Str:  9    XL:     1   Next: 0%
Magic:  3/3        EV: 18    Int: 11    God:    Lugonu [*.....]
Gold:   46         SH:  0    Dex: 16    Spells: 0/0 levels left
                                        Lives:  0   Deaths: 0

rFire   . . .      SeeInvis +     - Unarmed
rCold   . . .      Faith    .   (shield unavailable)
rNeg    . . .      Spirit   .   (armour unavailable)
rPois   .          Reflect  .   (helmet unavailable)
rElec   .          Harm     .   (cloak unavailable)
rCorr   .          Rampage  .   (gloves unavailable)
Will    .....                   (boots unavailable)
Stlth   +.........              (no amulet)
HPRegen 0.03/turn               (no ring)
MPRegen 0.08/turn               (no ring)

@: quick
A: very small, claws 1, fangs 3, see invisible, speed 1, shaggy fur 1, stealthy
paws, no weapons or thrown items, no armour, multi-lived
a: Renounce Religion, Depart the Abyss


You were on level 3 of the Abyss.
You worshipped Lugonu.
Lugonu was aware of your devotion.
You visited 0 branches of the dungeon, and saw 0 of its levels.
You visited the Abyss 1 time.

You collected 46 gold pieces.


Innate Abilities, Weirdness & Mutations

You have sharp claws.
You have razor-sharp teeth.
You have supernaturally acute eyesight. (SInv)
You cover ground quickly. (Speed+)
You are covered in fur. (AC +1)
Your paws help you pounce on unaware monsters.
You are incapable of wielding weapons or throwing items.
You cannot wear armour.
You gain extra lives every three experience levels.


   Skills:
 + Level 3.0 Fighting
 + Level 3.2 Dodging
 + Level 2.0 Unarmed Combat
 + Level 1.7 Invocations


You couldn't memorise any spells.
You didn't know any spells.
Your spell library was empty.

Inventory:

Potions
 a - a potion of brilliance
 b - a potion of haste {unknown}

Dungeon Overview and Level Annotations

Branches:
Dungeon (0/15)

Altars:

# #. ≈ #.# ..
#..######.... ..
#.#.. .....# . .
##..###...## #...
#..@........ .....
#...X##...## #. . #
#♣#..X##....... ...
.#..#.# # §≈#..≈ ≈
.......#.##§§§....≈≈
...♣##......§≈§≈.≈≈.≈
## ######..≈§≈..≈..
#..X...≈≈..≈.≈≈
..X......≈≈.≈.≈≈.


You could see 2 thrashing horrors.


Message History

🤖 Initializing magus.rc ... ✅ Successfully initialized magus.rc [v1.9.10] Welcome, spiderkeys the Felid Abyssal Knight.
The legendary Orb of Zot lies far below, as if waiting for you to find it.
Lugonu says: Depart the Abyss and spread corruption, my servant! (use the ability menu to exit the Abyss) Press ? for a list of commands and other information.
Found a corrupted altar of Lugonu.
Found a gateway leading out of the Abyss.
There is a gateway leading out of the Abyss here.
You now have 10 gold pieces.
You enter the shallow water.
Moving in this stuff is going to be slow.
You enter the shallow water.
Moving in this stuff is going to be slow.
Found a gateway leading deeper into the Abyss.
There is a gateway leading deeper into the Abyss here.
You plunge deeper into the Abyss.
a - a bubbling coppery potion You see here a +2 great sword of freezing.
b - a fuming blue potion You enter the shallow water.
Moving in this stuff is going to be slow.
You now have 46 gold pieces (gained 36).
Found a scroll labelled BEWI LETZI.
Found a gateway leading deeper into the Abyss.
c - a scroll labelled BEWI LETZI
There is a gateway leading deeper into the Abyss here.
A tentacled starspawn comes into view.
You see here a scroll labelled SYCLEO VAIPISI.
A tentacle flies out from the starspawn's body!
A starspawn tentacle comes into view.
You see here a scroll labelled SYCLEO VAIPISI.
Blink to where?
Press: ? - help, Dir - move target
As you read the scroll labelled SYCLEO VAIPISI, it crumbles to dust.
It was a scroll of blinking.
A smoke demon comes into view.
You plunge deeper into the Abyss.
The abyssal rune of Zot can be found at this depth.
As you read the scroll labelled BEWI LETZI, it crumbles to dust.
It is a scroll of identify.
a - a potion of brilliance 2 thrashing horrors come into view.
The thrashing horror roars! x2
A raiju comes into view.
A tormentor comes into view.
A hellion comes into view.
The thrashing horror tramples you!
Ouch! That really hurt!
* * * LOW HITPOINT WARNING * * *
You stumble backwards! 😱 HP[-9]
You take 9 damage, and now have 1/10 hp.
MASSIVE DAMAGE!! (PAUSE)
The thrashing horror closely misses you.
The thrashing horror tramples you.
You die...

Action                   || total
-------------------------++-------
  Use: Scroll            ||     2
Dodge: Dodged            ||     1

Levels and vault maps discovered:
Abyss:3:  base: Temple, evilmike_nicolae_abyss_rune_containment_curve

Notes
Turn   | Place    | Note
-------+----------+-------------------------------------------
     0 | Abyss:1  | spiderkeys the Felid Abyssal Knight began the quest for the
                  | Orb.
     0 | Abyss:1  | Reached XP level 1. HP: 10/10 MP: 3/3
     0 | Abyss:1  | magus.rc [v1.9.10]
   135 | Abyss:2  | Noticed a tentacled starspawn
   138 | Abyss:2  | Noticed a smoke demon
   139 | Abyss:2  | Noticed a chaos spawn
   143 | Abyss:3  | Noticed a thrashing horror
   143 | Abyss:3  | Noticed a thrashing horror
   143 | Abyss:3  | Noticed a raiju
   143 | Abyss:3  | Noticed a tormentor
   143 | Abyss:3  | Noticed a hellion
   145 | Abyss:3  | HP: 1/10 [thrashing horror (9)]
   148 | Abyss:3  | Slain by a thrashing horror

Vanquished Creatures (others)
  2 starspawn tentacles (Abyss:2)
2 creatures vanquished.

Table legend:
 A = Non-vault XP
 B = Vault XP
 C = Vault XP percentage of total XP
 D = Non-vault monster count
 E = Vault monster count
 F = Vault count percentage of total count
                 A         B        C        D         E       F
            +---------+---------+-------+---------+---------+-------
      Total |       0 |       0 |   N/A |       0 |       0 |  -nan
            +---------+---------+-------+---------+---------+-------
            +---------+---------+-------+---------+---------+-------

Illustrated notes

Table legend: (Time is in decaauts)
 A = Elapsed time spent in this place.
 B = Non-inter-level travel time spent in this place.
 C = Inter-level travel time spent in this place.
 D = Time resting spent in this place.
 E = Time spent auto-exploring this place.
 F = Levels seen in this place.
 G = Mean time per level.
                   A        B        C        D        E       F      G
               +--------+--------+--------+--------+--------+-----+--------+
         Total |    124 |    124 |      0 |      0 |     54 |   3 |   41.3 |
         Abyss |    124 |    124 |      0 |      0 |     54 |   3 |   41.3 |
               +--------+--------+--------+--------+--------+-----+--------+

Top non-repeatable levels by time:
 Abyss:1: 60 daAuts
 Abyss:2: 57 daAuts
 Abyss:3: 6 daAuts
